Sharks vs Avalanche

Created - November 1 2010 at 17:50

Goals
1 2 3 OT1 SO T
Sharks 0 2 0 0 0 2
Avalanche 1 1 0 0 2 3
Shots
1 2 3 OT1 SO T
Sharks 10 7 3 1 2 21
Avalanche 10 4 8 0 2 22

Period #1

1. Avalanche , Kevin Klein 1 (Carl Gunnarsson, T.J. Galiardi) at 5:11 (PP)

Penalties :
Carl Gunnarsson (COL) for Roughing (Minor) at 0:27, Mark Stuart (SJS) for Tripping (Minor) at 3:11, Johnny Boychuk (SJS) for Elbowing (Minor) at 5:01, Johnny Boychuk (SJS) for Holding (Minor) at 8:22, T.J. Oshie (COL) for Cross-checking (Minor) at 10:40, Bryan McCabe (SJS) for Hooking (Minor) at 14:45

Period #2

2. Sharks , Marc Savard 3 (Francois Beauchemin, Blake Comeau) at 0:35
3. Avalanche , Joe Corvo 2 (T.J. Galiardi, Mike Knuble) at 3:50 (PP)
4. Sharks , Erik Christensen 1 (Alex Tanguay, Bryan McCabe) at 4:10

Penalties :
Johnny Boychuk (SJS) for Roughing (Minor) at 1:10, Tom Kostopoulos (SJS) for Slashing (Minor) at 3:38, Tyler Bozak (COL) for Slashing (Minor) at 5:27, Kyle Quincey (COL) for Tripping (Minor) at 7:53, Jarret Stoll (SJS) for Slashing (Minor) at 13:52, Daniel Briere (COL) for Slashing (Double Minor) at 18:48

Period #3

No Goal

Penalties :
Carl Gunnarsson (COL) for Tripping (Minor) at 5:45, Mark Stuart (SJS) for Hooking (Minor) at 14:05, Daniel Briere (COL) for Roughing (Minor) at 15:50

Overtime #1

No Goal

Penalties :
No Penalty

Shootout

Penalty Shot by Mason Raymond for Sharks - Stopped by Steve Mason
Penalty Shot by Brian Gionta for Avalanche - Goal!
Penalty Shot by Marc Savard for Sharks - Stopped by Steve Mason
Penalty Shot by Tyler Bozak for Avalanche - Goal!

Penalties :
No Penalty

Goalie Stats

Antti Niemi (SJS), 20 saves from 22 shots - (0.909), OTL, 1-2-1, 65:00 minutes
Steve Mason (COL), 19 saves from 21 shots - (0.905), W, 3-3-0, 65:00 minutes

Players Stats

Sharks
Player Name              G  A  P  +/- PIM S  H  SB FO    MP 
------------------------------------------------------------
Alex Tanguay             0  1  1   1  0   0  0  0  1/1   12 
Blake Comeau             0  1  1   1  0   3  5  0  1/2   21 
Brad Staubitz            0  0  0   0  0   0  0  0  0/0   10 
Bryan McCabe             0  1  1   2  2   3  1  2  0/0   25 
Dainius Zubrus           0  0  0   0  0   2  1  0  0/0   16 
Erik Christensen         1  0  1   1  0   2  0  0  7/13  10 
Francois Beauchemin      0  1  1   1  0   1  1  1  0/0   26 
Jarret Stoll             0  0  0   0  2   0  1  0  12/21 23 
Johnny Boychuk           0  0  0   0  6   2  0  0  0/0   22 
Kamil Kreps              0  0  0   0  0   0  0  0  4/8   12 
Marc Savard              1  0  1   1  0   2  0  0  17/34 20 
Marek Zidlicky           0  0  0   0  0   2  1  1  0/0   25 
Mark Stuart              0  0  0   0  4   0  2  0  0/0   12 
Mason Raymond            0  0  0   0  0   2  0  0  2/2   19 
Nick Foligno             0  0  0   1  0   0  1  0  0/1   12 
Shane Doan               0  0  0   1  0   2  2  0  0/0   19 
Shane OBrien             0  0  0   1  0   0  3  2  0/0   16 
Tom Kostopoulos          0  0  0   0  2   0  1  0  0/0   10 
Avalanche
Player Name              G  A  P  +/- PIM S  H  SB FO    MP 
------------------------------------------------------------
Brian Gionta             0  0  0  -1  0   3  1  0  2/5   21 
Carl Gunnarsson          0  1  1  -1  4   0  1  0  0/0   21 
Daniel Briere            0  0  0   0  6   0  1  0  0/1   16 
Joe Corvo                1  0  1   0  0   1  0  0  0/0   23 
Kevin Klein              1  0  1   0  0   2  0  1  0/0   19 
Kris Versteeg            0  0  0  -1  0   0  0  0  2/2   6  
Kyle Quincey             0  0  0  -2  2   2  3  1  0/0   26 
Marcel Goc               0  0  0  -1  0   0  0  0  8/19  12 
Mike Knuble              0  1  1   0  0   3  1  0  0/0   16 
Niclas Wallin            0  0  0   0  0   0  1  0  0/0   18 
T.J. Galiardi            0  2  2   0  0   2  0  0  8/18  23 
T.J. Oshie               0  0  0   0  2   1  2  0  0/0   15 
Todd White               0  0  0   0  0   1  0  0  3/6   10 
Troy Brouwer             0  0  0  -1  0   3  2  0  0/1   13 
Tyler Bozak              0  0  0  -1  2   3  4  0  8/16  19 
Vaclav Prospal           0  0  0   0  0   0  1  0  7/13  9  
Wade Redden              0  0  0  -1  0   0  1  2  0/0   21 
Wojtek Wolski            0  0  0  -1  0   1  1  0  0/1   19 

3 Stars

1 - Blake Comeau (SJS)
2 - Erik Christensen (SJS)
3 - Marc Savard (SJS)

Power Play

Sharks - 0 on 7 Attempt(s) - 0.00%
Avalanche - 2 on 8 Attempt(s) - 25.00%

Penalty Kill

Sharks - 6 on 8 Attempt(s) - 75.00% - Score 0 goal in Penalty Kill
Avalanche - 7 on 7 Attempt(s) - 100.00% - Score 0 goal in Penalty Kill

Game Notes

No Game Note

Finance

Level 1 -- Attendance: 5589 (85.98%) -- Ticket Income $503,010.00
Level 2 -- Attendance: 3664 (73.28%) -- Ticket Income $219,840.00
Level 3 -- Attendance: 2570 (73.43%) -- Ticket Income $89,950.00
Level 4 -- Attendance: 1850 (92.18%) -- Ticket Income $46,250.00
Luxury Box -- Attendance: 961 (96.10%) -- Ticket Income $182,590.00
Game was played at the Pepsi Center
Total Attendance: 14634 (81.27%)
Total Ticket Income: $1,062,871.00
Other Income: $196,225.50
Total Income: $1,259,097.00


Play by Play

Period #1

0:01 of 1st period - Tyler Bozak wins face-off versus Marc Savard in neutral zone.
0:01 of 1st period - Wojtek Wolski is hit by Shane Doan.
0:03 of 1st period - Shot by Brian Gionta.
0:03 of 1st period - Stopped by Antti Niemi with a rebound.
0:12 of 1st period - Icing by Francois Beauchemin.
0:13 of 1st period - Marc Savard wins face-off versus Vaclav Prospal in Sharks zone.
0:15 of 1st period - Bryan McCabe is hit by Vaclav Prospal and loses puck.
0:27 of 1st period - Minor Penalty to Carl Gunnarsson for Roughing.
0:28 of 1st period - T.J. Galiardi wins face-off versus Jarret Stoll in Avalanche zone.
1:21 of 1st period - Icing by Francois Beauchemin.
1:22 of 1st period - Marc Savard wins face-off versus Troy Brouwer in Sharks zone.
1:29 of 1st period - Troy Brouwer is hit by Blake Comeau and loses puck.
1:34 of 1st period - Shot by Blake Comeau.
1:34 of 1st period - Stopped by Steve Mason with a rebound.
1:38 of 1st period - Shot by Francois Beauchemin.
1:38 of 1st period - Stopped by Steve Mason without a rebound.
1:39 of 1st period - Marcel Goc wins face-off versus Marc Savard in Avalanche zone.
1:55 of 1st period - Shot by Marc Savard.
1:55 of 1st period - Deflect By Shane Doan.
1:55 of 1st period - Stopped by Steve Mason without a rebound.
1:56 of 1st period - Jarret Stoll wins face-off versus Marcel Goc in Avalanche zone.
2:45 of 1st period - Icing by Mark Stuart.
2:46 of 1st period - Vaclav Prospal wins face-off versus Kamil Kreps in Sharks zone.
3:11 of 1st period - Minor Penalty to Mark Stuart for Tripping.
3:12 of 1st period - Tyler Bozak wins face-off versus Marc Savard in Sharks zone.
4:43 of 1st period - Kyle Quincey is hit by Marek Zidlicky and loses puck.
5:01 of 1st period - Minor Penalty to Johnny Boychuk for Elbowing.
5:02 of 1st period - Mason Raymond wins face-off versus T.J. Galiardi in Sharks zone.
5:07 of 1st period - Shot by Carl Gunnarsson.
5:07 of 1st period - Shot Misses the Net.
5:09 of 1st period - Shot by Kevin Klein.
5:09 of 1st period - Shot Blocked by Shane OBrien.
5:11 of 1st period - Shot by Kevin Klein.
5:11 of 1st period - Goal by Kevin Klein - Sharks : 0 - Avalanche : 1.
5:12 of 1st period - Todd White wins face-off versus Erik Christensen in neutral zone.
5:12 of 1st period - T.J. Galiardi is hit by Nick Foligno.
5:17 of 1st period - T.J. Oshie is hit by Shane OBrien and loses puck.
5:23 of 1st period - Icing by Alex Tanguay.
5:24 of 1st period - Erik Christensen wins face-off versus Marcel Goc in Sharks zone.
5:45 of 1st period - Shot by Kris Versteeg.
5:45 of 1st period - Shot Blocked by Bryan McCabe.
5:47 of 1st period - Shot by Kevin Klein.
5:47 of 1st period - Shot Blocked by Shane OBrien.
5:51 of 1st period - Shot by Marcel Goc.
5:51 of 1st period - Shot Misses the Net.
5:53 of 1st period - Shot by Kevin Klein.
5:53 of 1st period - Stopped by Antti Niemi with a rebound.
5:57 of 1st period - Shot by Troy Brouwer.
5:57 of 1st period - Stopped by Antti Niemi without a rebound.
5:58 of 1st period - Kamil Kreps wins face-off versus Todd White in Sharks zone.
6:23 of 1st period - Icing by Mark Stuart.
6:24 of 1st period - Kamil Kreps wins face-off versus Tyler Bozak in Sharks zone.
6:24 of 1st period - Francois Beauchemin is hit by Wojtek Wolski and loses puck.
6:43 of 1st period - Kamil Kreps is hit by Tyler Bozak and loses puck.
7:15 of 1st period - Mason Raymond is hit by Kyle Quincey.
7:22 of 1st period - Mason Raymond is hit by Kyle Quincey.
7:24 of 1st period - Shot by Jarret Stoll.
7:24 of 1st period - Shot Misses the Net.
7:26 of 1st period - Shot by Marek Zidlicky.
7:26 of 1st period - Stopped by Steve Mason without a rebound.
7:27 of 1st period - Erik Christensen wins face-off versus Vaclav Prospal in Avalanche zone.
8:04 of 1st period - Shot by Erik Christensen.
8:04 of 1st period - Stopped by Steve Mason without a rebound.
8:05 of 1st period - Todd White wins face-off versus Jarret Stoll in Avalanche zone.
8:22 of 1st period - Minor Penalty to Johnny Boychuk for Holding.
8:23 of 1st period - Marc Savard wins face-off versus Daniel Briere in Sharks zone.
8:39 of 1st period - Shot by Mike Knuble.
8:39 of 1st period - Stopped by Antti Niemi without a rebound.
8:40 of 1st period - Tyler Bozak wins face-off versus Marc Savard in Sharks zone.
8:45 of 1st period - Shot by Brian Gionta.
8:45 of 1st period - Deflect By Wojtek Wolski.
8:45 of 1st period - Shot Misses the Net.
8:47 of 1st period - Shot by Brian Gionta.
8:47 of 1st period - Shot Blocked by Francois Beauchemin.
8:55 of 1st period - Shot by Wade Redden.
8:55 of 1st period - Shot Misses the Net.
8:57 of 1st period - Shot by Brian Gionta.
8:57 of 1st period - Shot Misses the Net.
8:59 of 1st period - Shot by Tyler Bozak.
8:59 of 1st period - Shot Misses the Net.
9:01 of 1st period - Shot by Tyler Bozak.
9:01 of 1st period - Shot Misses the Net.
9:03 of 1st period - Shot by Kyle Quincey.
9:03 of 1st period - Stopped by Antti Niemi without a rebound.
9:04 of 1st period - T.J. Galiardi wins face-off versus Jarret Stoll in Sharks zone.
9:48 of 1st period - Icing by Carl Gunnarsson.
9:49 of 1st period - Jarret Stoll wins face-off versus T.J. Galiardi in Avalanche zone.
10:26 of 1st period - Shot by T.J. Oshie.
10:26 of 1st period - Stopped by Antti Niemi without a rebound.
10:27 of 1st period - Erik Christensen wins face-off versus Todd White in Sharks zone.
10:27 of 1st period - Erik Christensen is hit by T.J. Oshie.
10:30 of 1st period - Nick Foligno is hit by T.J. Oshie and loses puck.
10:40 of 1st period - Minor Penalty to T.J. Oshie for Cross-checking.
10:41 of 1st period - Marcel Goc wins face-off versus Marc Savard in Avalanche zone.
10:54 of 1st period - Shot by Mason Raymond.
10:54 of 1st period - Stopped by Steve Mason with a rebound.
10:58 of 1st period - Shot by Dainius Zubrus.
10:58 of 1st period - Stopped by Steve Mason without a rebound.
10:59 of 1st period - Marc Savard wins face-off versus Marcel Goc in Avalanche zone.
11:00 of 1st period - Shot by Bryan McCabe.
11:00 of 1st period - Stopped by Steve Mason without a rebound.
11:01 of 1st period - Marcel Goc wins face-off versus Marc Savard in Avalanche zone.
11:11 of 1st period - Off-side.
11:12 of 1st period - Brian Gionta wins face-off versus Jarret Stoll in neutral zone.
11:40 of 1st period - Shot by Johnny Boychuk.
11:40 of 1st period - Stopped by Steve Mason without a rebound.
11:41 of 1st period - Marc Savard wins face-off versus T.J. Galiardi in Avalanche zone.
11:50 of 1st period - Shot by Francois Beauchemin.
11:50 of 1st period - Shot Misses the Net.
11:52 of 1st period - Shot by Francois Beauchemin.
11:52 of 1st period - Shot Misses the Net.
11:54 of 1st period - Shot by Shane Doan.
11:54 of 1st period - Shot Misses the Net.
11:56 of 1st period - Shot by Bryan McCabe.
11:56 of 1st period - Stopped by Steve Mason without a rebound.
11:57 of 1st period - Blake Comeau wins face-off versus Marcel Goc in Avalanche zone.
12:46 of 1st period - Icing by Kyle Quincey.
12:47 of 1st period - Kamil Kreps wins face-off versus Tyler Bozak in Avalanche zone.
12:47 of 1st period - Kamil Kreps is hit by Kyle Quincey.
14:27 of 1st period - Nick Foligno is hit by Tyler Bozak and loses puck.
14:45 of 1st period - Minor Penalty to Bryan McCabe for Hooking.
14:46 of 1st period - Marc Savard wins face-off versus T.J. Galiardi in Sharks zone.
14:54 of 1st period - Off-side.
14:55 of 1st period - T.J. Galiardi wins face-off versus Marc Savard in neutral zone.
15:09 of 1st period - Icing by Joe Corvo.
15:10 of 1st period - T.J. Galiardi wins face-off versus Marc Savard in Avalanche zone.
15:52 of 1st period - Shot by Mike Knuble.
15:52 of 1st period - Stopped by Antti Niemi with a rebound.
16:55 of 1st period - Icing by Niclas Wallin.
16:56 of 1st period - Todd White wins face-off versus Kamil Kreps in Avalanche zone.
18:47 of 1st period - Shot by Jarret Stoll.
18:47 of 1st period - Shot Misses the Net.
18:53 of 1st period - T.J. Galiardi is hit by Jarret Stoll.
19:29 of 1st period - Shot by Tyler Bozak.
19:29 of 1st period - Stopped by Antti Niemi without a rebound.
19:30 of 1st period - Vaclav Prospal wins face-off versus Erik Christensen in Sharks zone.
19:30 of 1st period - Vaclav Prospal is hit by Shane OBrien.
19:32 of 1st period - Shot by Carl Gunnarsson.
19:32 of 1st period - Shot Misses the Net.
19:46 of 1st period - Shot by Mike Knuble.
19:46 of 1st period - Stopped by Antti Niemi without a rebound.
19:47 of 1st period - Marcel Goc wins face-off versus Erik Christensen in Sharks zone.

Period #2

0:01 of 2nd period - Brian Gionta wins face-off versus Marc Savard in neutral zone.
0:08 of 2nd period - Shot by Brian Gionta.
0:08 of 2nd period - Shot Misses the Net.
0:19 of 2nd period - Marc Savard is hit by Wade Redden.
0:23 of 2nd period - Shot by Blake Comeau.
0:23 of 2nd period - Shot Misses the Net.
0:25 of 2nd period - Shot by Marc Savard.
0:25 of 2nd period - Shot Blocked by Wade Redden.
0:29 of 2nd period - Shot by Marc Savard.
0:29 of 2nd period - Shot Hit the Post.
0:31 of 2nd period - Shot by Blake Comeau.
0:31 of 2nd period - Shot Misses the Net.
0:35 of 2nd period - Shot by Marc Savard.
0:35 of 2nd period - Goal by Marc Savard - Sharks : 1 - Avalanche : 1.
0:36 of 2nd period - Vaclav Prospal wins face-off versus Jarret Stoll in neutral zone.
0:42 of 2nd period - Icing by Johnny Boychuk.
0:43 of 2nd period - Jarret Stoll wins face-off versus Todd White in Sharks zone.
1:03 of 2nd period - Icing by Johnny Boychuk.
1:04 of 2nd period - Jarret Stoll wins face-off versus Vaclav Prospal in Sharks zone.
1:10 of 2nd period - Minor Penalty to Johnny Boychuk for Roughing.
1:11 of 2nd period - Marc Savard wins face-off versus Tyler Bozak in Sharks zone.
1:27 of 2nd period - Marc Savard is hit by Brian Gionta and loses puck.
1:48 of 2nd period - Shane Doan is hit by Tyler Bozak and loses puck.
2:29 of 2nd period - Shot by T.J. Galiardi.
2:29 of 2nd period - Stopped by Antti Niemi without a rebound.
2:30 of 2nd period - Marc Savard wins face-off versus Wojtek Wolski in Sharks zone.
2:47 of 2nd period - Icing by Wojtek Wolski.
2:48 of 2nd period - Marc Savard wins face-off versus Brian Gionta in Avalanche zone.
3:38 of 2nd period - Minor Penalty to Tom Kostopoulos for Slashing.
3:39 of 2nd period - Marc Savard wins face-off versus T.J. Galiardi in Sharks zone.
3:50 of 2nd period - Shot by Joe Corvo.
3:50 of 2nd period - Goal by Joe Corvo - Sharks : 1 - Avalanche : 2.
3:51 of 2nd period - Kris Versteeg wins face-off versus Erik Christensen in neutral zone.
3:53 of 2nd period - Kyle Quincey is hit by Shane OBrien and loses puck.
4:08 of 2nd period - Shot by Alex Tanguay.
4:08 of 2nd period - Shot Misses the Net.
4:10 of 2nd period - Shot by Erik Christensen.
4:10 of 2nd period - Goal by Erik Christensen - Sharks : 2 - Avalanche : 2.
4:11 of 2nd period - Vaclav Prospal wins face-off versus Jarret Stoll in neutral zone.
5:00 of 2nd period - T.J. Galiardi is hit by Dainius Zubrus and loses puck.
5:11 of 2nd period - Shot by Todd White.
5:11 of 2nd period - Shot Misses the Net.
5:13 of 2nd period - Shot by T.J. Oshie.
5:13 of 2nd period - Deflect By Todd White.
5:13 of 2nd period - Stopped by Antti Niemi without a rebound.
5:14 of 2nd period - Alex Tanguay wins face-off versus Brian Gionta in Sharks zone.
5:27 of 2nd period - Minor Penalty to Tyler Bozak for Slashing.
5:28 of 2nd period - Marcel Goc wins face-off versus Blake Comeau in Avalanche zone.
7:41 of 2nd period - Shot by Nick Foligno.
7:41 of 2nd period - Shot Blocked by Kyle Quincey.
7:46 of 2nd period - Icing by Kyle Quincey.
7:47 of 2nd period - Marc Savard wins face-off versus Tyler Bozak in Avalanche zone.
7:53 of 2nd period - Minor Penalty to Kyle Quincey for Tripping.
7:54 of 2nd period - T.J. Galiardi wins face-off versus Marc Savard in Avalanche zone.
8:26 of 2nd period - T.J. Galiardi is hit by Bryan McCabe and loses puck.
9:15 of 2nd period - Off-side.
9:16 of 2nd period - Marc Savard wins face-off versus Brian Gionta in neutral zone.
11:52 of 2nd period - Shot by Shane Doan.
11:52 of 2nd period - Stopped by Steve Mason without a rebound.
11:53 of 2nd period - Marcel Goc wins face-off versus Erik Christensen in Avalanche zone.
12:04 of 2nd period - Shot by Kris Versteeg.
12:04 of 2nd period - Deflect By Troy Brouwer.
12:04 of 2nd period - Shot Misses the Net.
12:22 of 2nd period - Shot by Marcel Goc.
12:22 of 2nd period - Shot Misses the Net.
12:30 of 2nd period - Erik Christensen is hit by Troy Brouwer and loses puck.
13:52 of 2nd period - Minor Penalty to Jarret Stoll for Slashing.
13:53 of 2nd period - Marc Savard wins face-off versus T.J. Galiardi in Sharks zone.
14:35 of 2nd period - Off-side.
14:36 of 2nd period - Mason Raymond wins face-off versus Tyler Bozak in neutral zone.
15:59 of 2nd period - T.J. Oshie is hit by Blake Comeau.
16:10 of 2nd period - T.J. Galiardi is hit by Blake Comeau and loses puck.
16:18 of 2nd period - T.J. Oshie is hit by Francois Beauchemin and loses puck.
16:28 of 2nd period - Icing by Francois Beauchemin.
16:29 of 2nd period - Tyler Bozak wins face-off versus Kamil Kreps in Sharks zone.
16:29 of 2nd period - Brian Gionta is hit by Blake Comeau and loses puck.
16:35 of 2nd period - Brian Gionta is hit by Blake Comeau and loses puck.
16:44 of 2nd period - Shot by Kyle Quincey.
16:44 of 2nd period - Stopped by Antti Niemi without a rebound.
16:45 of 2nd period - Jarret Stoll wins face-off versus Marcel Goc in Sharks zone.
16:45 of 2nd period - Jarret Stoll is hit by Troy Brouwer.
17:18 of 2nd period - Off-side.
17:19 of 2nd period - Erik Christensen wins face-off versus Tyler Bozak in neutral zone.
17:22 of 2nd period - Shot by Alex Tanguay.
17:22 of 2nd period - Shot Blocked by Wade Redden.
17:37 of 2nd period - Icing by Wojtek Wolski.
17:38 of 2nd period - Tyler Bozak wins face-off versus Erik Christensen in Avalanche zone.
18:31 of 2nd period - Shot by Mason Raymond.
18:31 of 2nd period - Shot Misses the Net.
18:35 of 2nd period - Shot by Mason Raymond.
18:35 of 2nd period - Stopped by Steve Mason with a rebound.
18:37 of 2nd period - Shot by Dainius Zubrus.
18:37 of 2nd period - Stopped by Steve Mason without a rebound.
18:38 of 2nd period - Vaclav Prospal wins face-off versus Kamil Kreps in Avalanche zone.
18:38 of 2nd period - Vaclav Prospal is hit by Tom Kostopoulos.
18:47 of 2nd period - Mark Stuart is hit by Mike Knuble and loses puck.
18:48 of 2nd period - Double Minor Penalty to Daniel Briere for Slashing.
18:49 of 2nd period - Marc Savard wins face-off versus Marcel Goc in Avalanche zone.
19:08 of 2nd period - Shot by Bryan McCabe.
19:08 of 2nd period - Shot Blocked by Kevin Klein.
19:12 of 2nd period - Shot by Bryan McCabe.
19:12 of 2nd period - Stopped by Steve Mason with a rebound.
19:16 of 2nd period - Shot by Marc Savard.
19:16 of 2nd period - Stopped by Steve Mason without a rebound.
19:17 of 2nd period - Jarret Stoll wins face-off versus Marcel Goc in Avalanche zone.
19:19 of 2nd period - Mason Raymond is hit by Niclas Wallin.
19:51 of 2nd period - Shot by Dainius Zubrus.
19:51 of 2nd period - Shot Misses the Net.

Period #3

0:01 of 3rd period - Marc Savard wins face-off versus T.J. Galiardi in neutral zone.
0:04 of 3rd period - Kevin Klein is hit by Shane Doan and loses puck.
1:24 of 3rd period - Icing by Dainius Zubrus.
1:25 of 3rd period - Jarret Stoll wins face-off versus T.J. Galiardi in Sharks zone.
2:34 of 3rd period - Off-side.
2:35 of 3rd period - Jarret Stoll wins face-off versus Marcel Goc in neutral zone.
2:44 of 3rd period - Icing by Francois Beauchemin.
2:45 of 3rd period - Jarret Stoll wins face-off versus Marcel Goc in Sharks zone.
2:53 of 3rd period - Icing by Carl Gunnarsson.
2:54 of 3rd period - Erik Christensen wins face-off versus Vaclav Prospal in Avalanche zone.
5:23 of 3rd period - Mason Raymond is hit by Carl Gunnarsson and loses puck.
5:45 of 3rd period - Minor Penalty to Carl Gunnarsson for Tripping.
5:46 of 3rd period - Marcel Goc wins face-off versus Marc Savard in Avalanche zone.
5:57 of 3rd period - Shot by Blake Comeau.
5:57 of 3rd period - Stopped by Steve Mason with a rebound.
6:01 of 3rd period - Shot by Blake Comeau.
6:01 of 3rd period - Shot Misses the Net.
7:42 of 3rd period - Icing by Alex Tanguay.
7:43 of 3rd period - Marcel Goc wins face-off versus Nick Foligno in Sharks zone.
7:44 of 3rd period - Shot by Troy Brouwer.
7:44 of 3rd period - Stopped by Antti Niemi without a rebound.
7:45 of 3rd period - Erik Christensen wins face-off versus Vaclav Prospal in Sharks zone.
7:47 of 3rd period - Icing by Nick Foligno.
7:48 of 3rd period - Erik Christensen wins face-off versus Tyler Bozak in Sharks zone.
8:07 of 3rd period - Shot by Wojtek Wolski.
8:07 of 3rd period - Shot Misses the Net.
8:14 of 3rd period - Shot by Tyler Bozak.
8:14 of 3rd period - Shot Misses the Net.
8:16 of 3rd period - Shot by Brian Gionta.
8:16 of 3rd period - Shot Misses the Net.
8:35 of 3rd period - Joe Corvo is hit by Mark Stuart and loses puck.
8:53 of 3rd period - Daniel Briere is hit by Mark Stuart.
10:49 of 3rd period - Shot by Shane Doan.
10:49 of 3rd period - Shot Misses the Net.
12:20 of 3rd period - Shot by Marek Zidlicky.
12:20 of 3rd period - Shot Misses the Net.
12:58 of 3rd period - Shot by Troy Brouwer.
12:58 of 3rd period - Stopped by Antti Niemi without a rebound.
12:59 of 3rd period - Jarret Stoll wins face-off versus Marcel Goc in Sharks zone.
13:06 of 3rd period - Icing by Troy Brouwer.
13:07 of 3rd period - Kamil Kreps wins face-off versus Marcel Goc in Avalanche zone.
13:51 of 3rd period - Shot by Wojtek Wolski.
13:51 of 3rd period - Shot Misses the Net.
14:05 of 3rd period - Shot by Tyler Bozak.
14:05 of 3rd period - Stopped by Antti Niemi without a rebound.
14:05 of 3rd period - Minor Penalty to Mark Stuart for Hooking.
14:06 of 3rd period - Marc Savard wins face-off versus T.J. Galiardi in Sharks zone.
14:19 of 3rd period - Shot by Daniel Briere.
14:19 of 3rd period - Shot Blocked by Bryan McCabe.
14:21 of 3rd period - Shot by T.J. Galiardi.
14:21 of 3rd period - Stopped by Antti Niemi without a rebound.
14:22 of 3rd period - Tyler Bozak wins face-off versus Jarret Stoll in Sharks zone.
14:35 of 3rd period - Shot by Wojtek Wolski.
14:35 of 3rd period - Stopped by Antti Niemi without a rebound.
14:36 of 3rd period - T.J. Galiardi wins face-off versus Marc Savard in Sharks zone.
14:39 of 3rd period - Shot by T.J. Galiardi.
14:39 of 3rd period - Shot Misses the Net.
15:34 of 3rd period - Icing by Kyle Quincey.
15:35 of 3rd period - Jarret Stoll wins face-off versus Tyler Bozak in Avalanche zone.
15:44 of 3rd period - Marc Savard is hit by Tyler Bozak and loses puck.
15:50 of 3rd period - Minor Penalty to Daniel Briere for Roughing.
15:51 of 3rd period - Tyler Bozak wins face-off versus Marc Savard in Avalanche zone.
16:03 of 3rd period - Icing by Francois Beauchemin.
16:04 of 3rd period - Kris Versteeg wins face-off versus Marc Savard in Sharks zone.
16:05 of 3rd period - Shot by Kevin Klein.
16:05 of 3rd period - Shot Misses the Net.
16:23 of 3rd period - Shot by Johnny Boychuk.
16:23 of 3rd period - Stopped by Steve Mason with a rebound.
16:25 of 3rd period - Shot by Marek Zidlicky.
16:25 of 3rd period - Stopped by Steve Mason without a rebound.
16:26 of 3rd period - T.J. Galiardi wins face-off versus Marc Savard in Avalanche zone.
17:11 of 3rd period - Shot by Marek Zidlicky.
17:11 of 3rd period - Shot Misses the Net.
18:09 of 3rd period - Shot by Tyler Bozak.
18:09 of 3rd period - Stopped by Antti Niemi with a rebound.
18:11 of 3rd period - Shot by Brian Gionta.
18:11 of 3rd period - Shot Misses the Net.
18:13 of 3rd period - Shot by Brian Gionta.
18:13 of 3rd period - Shot Misses the Net.
18:15 of 3rd period - Shot by Kyle Quincey.
18:15 of 3rd period - Shot Hit the Post.
18:19 of 3rd period - Shot by Brian Gionta.
18:19 of 3rd period - Stopped by Antti Niemi with a rebound.
18:21 of 3rd period - Shot by Kyle Quincey.
18:21 of 3rd period - Deflect By Brian Gionta.
18:21 of 3rd period - Stopped by Antti Niemi without a rebound.
18:22 of 3rd period - Vaclav Prospal wins face-off versus Jarret Stoll in Sharks zone.
18:44 of 3rd period - Shane Doan is hit by Daniel Briere and loses puck.
18:57 of 3rd period - Icing by Joe Corvo.
18:58 of 3rd period - Marc Savard wins face-off versus Vaclav Prospal in Avalanche zone.
19:02 of 3rd period - Icing by Joe Corvo.
19:03 of 3rd period - Vaclav Prospal wins face-off versus Marc Savard in Avalanche zone.

Overtime #1

0:01 of 1st overtime period - T.J. Galiardi wins face-off versus Marc Savard in neutral zone.
1:12 of 1st overtime period - Shot by Blake Comeau.
1:12 of 1st overtime period - Stopped by Steve Mason without a rebound.
1:13 of 1st overtime period - Tyler Bozak wins face-off versus Jarret Stoll in Avalanche zone.
1:49 of 1st overtime period - Icing by Johnny Boychuk.
1:50 of 1st overtime period - Jarret Stoll wins face-off versus T.J. Galiardi in Sharks zone.
2:44 of 1st overtime period - Shot by Mike Knuble.
2:44 of 1st overtime period - Shot Blocked by Marek Zidlicky.

ShootOut

ShootOut - Penalty Shot by Mason Raymond for Sharks.
ShootOut - Stopped by Steve Mason.
ShootOut - Penalty Shot by Brian Gionta for Avalanche.
ShootOut - Goal by Brian Gionta.
ShootOut - Penalty Shot by Marc Savard for Sharks.
ShootOut - Stopped by Steve Mason.
ShootOut - Penalty Shot by Tyler Bozak for Avalanche.
ShootOut - Goal by Tyler Bozak.


Output by the SimonT Hockey Simulator (STHS) for Stephane Roy -- Original Page W3C XHTML 1.0 Valid